 Dungeon Crawl Stone Soup version 0.18.1-5-g4a78601 (webtiles) character file.

1537 TheHangedMan the Destroyer (level 8, -2/46 HPs)
             Began as a High Elf Wizard on May 11, 2016.
             Was a Follower of Sif Muna.
             Slain by a giant frog (5 damage)
             ... on level 6 of the Dungeon.
             The game lasted 00:26:43 (8444 turns).

TheHangedMan the Destroyer (High Elf Wizard)        Turns: 8444, Time: 00:26:45

Health: -2/46      AC:  4    Str:  6    XL:     8   Next: 56%
Magic:  5/19       EV: 12    Int: 23    God:    Sif Muna [*.....]
Gold:   214        SH:  0    Dex: 15    Spells: 5 memorised, 10 levels left

rFire  . . .     SeeInvis .     D - +5 quarterstaff
rCold  + . .     Gourm    .     a - +0 robe
rNeg   . . .     Faith    .     (shield currently unavailable)
rPois  .         Spirit   .     b - +0 hat
rElec  .         Dismiss  .     (no cloak)
rCorr  .         Reflect  .     j - +0 pair of gloves
SustAt .         Harm     .     u - +0 pair of boots
MR     .....                    (no amulet)
Stlth  +.........               v - ring of loudness (curse)
                                i - ring of protection from cold

@: very slightly contaminated, repel missiles, not resistant to hostile
enchantments, very unstealthy
A: no striking features
a: Channel Energy, Renounce Religion


You were on level 6 of the Dungeon.
You worshipped Sif Muna.
Sif Muna was aware of your devotion.
You were not hungry.

You visited 1 branch of the dungeon, and saw 6 of its levels.

You collected 214 gold pieces.

Inventory:

Hand Weapons
 D - a +5 quarterstaff (weapon)
Armour
 a - a +0 robe (worn)
 b - a +0 hat (worn)
 j - a +0 pair of gloves (worn)
 l - a +0 leather armour of fire resistance
 u - a +0 pair of boots (worn)
 x - a +0 swamp dragon armour
Jewellery
 i - a ring of protection from cold (left hand)
 v - a cursed ring of loudness (right hand)
Wands
 t - a wand of confusion (27/48)
Scrolls
 e - a scroll of identify
 f - 3 scrolls of enchant weapon {unknown}
 k - a scroll of amnesia {unknown}
 m - 2 scrolls of remove curse {unknown}
 n - 2 scrolls of noise {unknown}
 o - 5 scrolls of teleportation {unknown}
 p - a scroll of fog {unknown}
 y - a scroll of random uselessness {unknown}
 C - a scroll of recharging {unknown}
 E - a scroll of immolation {unknown}
Potions
 g - 2 potions of heal wounds
 h - a potion of cancellation
 q - 3 potions of curing
 s - 2 potions of cure mutation
 z - a potion of invisibility
 A - a potion of haste
Books
 c - a book of Minor Magic

   Spells                             Type                      Level
   a - Magic Dart                     Conjuration                  1
   b - Blink                          Translocation                2
   c - Call Imp                       Summoning                    2
   d - Repel Missiles                 Charms/Air                   2
   e - Slow                           Hexes                        2
   f - Conjure Flame                  Conjuration/Fire             3
   g - Mephitic Cloud                 Conjuration/Poison/Air       3
Miscellaneous
 B - a plain deck of defence
Comestibles
 d - 3 bread rations
 w - a meat ration


   Skills:
 - Level 2.1 Dodging
 - Level 2.1 Stealth
 + Level 7.2 Spellcasting
 - Level 10.0 Conjurations
   Level 0.8 Summonings
 - Level 1.1 Translocations


You had 10 spell levels left.
You knew the following spells:

 Your Spells              Type           Power        Failure   Level  Hunger
a - Magic Dart            Conj           ####         1%          1    None
b - Blink                 Tloc           N/A          10%         2    None
c - Conjure Flame         Conj/Fire      ####....     3%          3    None
d - Mephitic Cloud        Conj/Pois/Air  ###.....     8%          3    None
e - Repel Missiles        Chrm/Air       #.....       14%         2    None


Dungeon Overview and Level Annotations

Branches:
Dungeon (6/15)
 Temple: D:4-7

Altars:
Elyvilon
Nemelex Xobeh
Qazlal
Sif Muna
Yredelemnul


Message History

Press: ? - help, Shift-Dir - straight line, f/p - giant frog
Aim: a giant frog (moderately wounded)
The magic dart hits the giant frog.
The giant frog is heavily wounded.
The giant frog completely misses you.
Casting: Magic Dart
Confirm with . or Enter, or press ? or * to list all spells.
You blink.
The giant frog hits you.
* * * LOW HITPOINT WARNING * * *
Casting: Blink
Confirm with . or Enter, or press ? or * to list all spells.
You blink.
The giant frog closely misses you.
Casting: Blink
Confirm with . or Enter, or press ? or * to list all spells.
You miscast Blink.
You are very lightly contaminated with residual magic.
Nothing appears to happen.
The giant frog closely misses you. The giant frog hits you.
You die...

#.#.#
#o#.#
#o#.#
#§#.#
#§#.#
#.#.#
#.#§#
#.#F###
#..@..#
#######


You could see a giant frog.

Vanquished Creatures
  Pikel (D:4)
  Grinder (D:5)
  A slave (D:3)
  2 sky beasts (D:5)
  Blork the orc (D:5)
  A crimson imp (D:5)
  2 orc wizards
  2 orc priests
  Jessica (D:3)
  3 iguanas (D:4)
  6 worker ants
  A hound skeleton (D:4)
  5 adders
  A howler monkey skeleton (D:5)
  A shadow imp (D:5)
  2 adder skeletons (D:5)
  3 worms
  2 dart slugs
  5 giant geckos
  14 orcs
  5 ball pythons
  5 giant cockroaches
  9 goblins
  8 hobgoblins
  5 jackals
  7 kobolds
  2 quokkas
  8 bats
  6 giant newts
  3 rats
113 creatures vanquished.

Notes
Turn   | Place    | Note
--------------------------------------------------------------
     0 | D:1      | TheHangedMan the High Elf Wizard began the quest for the Orb.
     0 | D:1      | Reached XP level 1. HP: 11/11 MP: 6/6
   479 | D:1      | Reached skill level 2 in Conjurations
   552 | D:1      | Reached XP level 2. HP: 17/17 MP: 5/7
  1044 | D:1      | Reached skill level 3 in Conjurations
  1343 | D:2      | Reached XP level 3. HP: 21/21 MP: 7/9
  1349 | D:1      | Learned a level 2 spell: Blink
  1353 | D:1      | Learned a level 3 spell: Conjure Flame
  1357 | D:1      | Learned a level 3 spell: Mephitic Cloud
  1456 | D:2      | Noticed an air elemental
  1460 | D:2      | Found a stormy altar of Qazlal.
  1461 | D:2      | Noticed an earth elemental
  1461 | D:2      | Noticed a fire elemental
  1461 | D:2      | Noticed a water elemental
  2452 | D:2      | Reached skill level 4 in Conjurations
  2500 | D:2      | Reached XP level 4. HP: 27/27 MP: 0/10
  2845 | D:3      | Noticed Jessica
  2850 | D:3      | Killed Jessica
  2884 | D:3      | Found a basalt altar of Yredelemnul.
  3031 | D:3      | Reached skill level 5 in Conjurations
  3393 | D:4      | Reached XP level 5. HP: 31/31 MP: 3/11
  3585 | D:4      | Reached skill level 6 in Conjurations
  3855 | D:4      | Reached XP level 6. HP: 29/36 MP: 5/12
  3858 | D:4      | Noticed Pikel
  3859 | D:4      | Noticed a slave
  3859 | D:4      | Learned a level 2 spell: Repel Missiles
  3868 | D:4      | Noticed a slave
  3980 | D:3      | HP: 1/36 [slave[Pikel] (6)]
  4006 | D:3      | HP: 1/36 [ball python (1)]
  4418 | D:3      | Killed a slave
  5275 | D:4      | Found a sparkling altar of Nemelex Xobeh.
  5321 | D:4      | Noticed a slave
  5464 | D:4      | Reached skill level 7 in Conjurations
  5727 | D:4      | Killed Pikel
  5727 | D:4      | Reached skill level 9 in Conjurations
  5727 | D:4      | Reached XP level 7. HP: 10/41 MP: 2/13
  5969 | D:5      | Entered Level 5 of the Dungeon
  5979 | D:5      | Noticed Blork the orc
  6002 | D:5      | Killed Blork the orc
  6584 | D:5      | Found a deep blue altar of Sif Muna.
  6595 | D:5      | Reached skill level 10 in Conjurations
  6756 | D:5      | Became a worshipper of Sif Muna the Loreminder
  6785 | D:5      | Noticed Grinder
  6785 | D:5      | Paralysed by Grinder for 7 turns
  6793 | D:5      | Paralysed by Grinder for 3 turns
  6811 | D:5      | Paralysed by Grinder for 6 turns
  7216 | D:5      | Reached XP level 8. HP: 41/46 MP: 3/14
  7628 | D:5      | Reached skill level 5 in Spellcasting
  7930 | D:5      | Killed Grinder
  7930 | D:5      | Reached * piety under Sif Muna
  8384 | D:6      | Found a white marble altar of Elyvilon.
  8444 | D:6      | Slain by a giant frog

Skill      XL: |  1  2  3  4  5  6  7  8 |
---------------+-------------------------+-----
Conjurations   | 2 3 4 5 6 9 10 | 10.0
Spellcasting   | 7 |  7.2
Dodging        | |  2.1
Stealth        | |  2.1
Summonings     | |  0.8
Translocations | |  1.1

Action                   |  1- 3 |  4- 6 |  7- 9 || total
-------------------------+-------+-------+-------++-------
Melee: Unarmed           |     1 |       |       ||     1
       Spear             |     1 |       |       ||     1
       Great sword       |     4 |    57 |    11 ||    72
       Quarterstaff      |       |       |    22 ||    22
 Cast: Magic Dart        |    85 |   118 |   111 ||   314
       Mephitic Cloud    |       |    17 |     2 ||    19
       Blink             |       |    11 |     5 ||    16
       Conjure Flame     |       |     6 |     7 ||    13
       Repel Missiles    |       |     1 |       ||     1
  Use: Potion            |       |     1 |       ||     1
       Scroll            |       |       |     5 ||     5
 Stab: Confused          |       |     7 |     1 ||     8
  Eat: Chunk             |     5 |    10 |     3 ||    18
       Bread ration      |       |       |     2 ||     2
Armor: Robe              |     2 |    15 |    12 ||    29
Dodge: Dodged            |     3 |    67 |    61 ||   131
